 Dungeon Crawl Stone Soup version 0.32-a0-928-g1cae6b7ea0 (webtiles) character file.

Game seed: 770821471631322425

39 Autsider the Apothecary (level 3, -2/26 HPs)
             Began as a Formicid Alchemist on Apr 12, 2024.
             Slain by a ribbon worm (5 damage)
             ... on level 2 of the Dungeon.
             The game lasted 00:03:13 (1621 turns).

Autsider the Apothecary (Formicid Alchemist)        Turns: 1621, Time: 00:03:13

Health: -2/26      AC:  2    Str: 12    XL:     3   Next: 67%
Magic:  1/6        EV: 11    Int: 16    God:
Gold:   17         SH:  0    Dex: 14    Spells: 5/6 levels left

rFire   . . .        (no weapon)
rCold   . . .        (no shield)
rNeg    . . .        a - +0 robe
rPois   .            (helmet unavailable)
rElec   .            (no cloak)
rCorr   .            (no gloves)
SInv    +            (no boots)
Will    .....        (no amulet)
Stlth   ++           (no ring)
HPRegen 0.24/turn    (no ring)
MPRegen 0.10/turn

%: no passive effects
@: no status effects
A: permanent stasis, dig shafts and tunnels, antennae 3, four strong arms
a: Dig, Shaft Self


You were on level 2 of the Dungeon.
You visited 1 branch of the dungeon, and saw 2 of its levels.

You collected 17 gold pieces.

Inventory:

Armour
 a - a +0 robe (worn)
Magical Staves
 i - a staff of conjuration
Scrolls
 c - 2 scrolls of teleportation {unknown}
 d - 2 scrolls of immolation {unknown}
 e - 2 scrolls of identify {unknown}
 j - 3 scrolls of fear {unknown}
Potions
 b - a potion of magic
 f - 2 potions of curing {unknown}
 g - a potion of attraction {unknown}
 h - 2 potions of invisibility {unknown}


   Skills:
 + Level 1.4 Fighting
 - Level 1.7 Dodging
 - Level 2.4 Stealth
 - Level 2.1 Spellcasting
 - Level 0.8 Conjurations
 + Level 1.1 Fire Magic
 * Level 5.0 Alchemy


You had 5 spell levels left.
You knew the following spells:

 Your Spells              Type           Power      Damage    Failure   Level
a - Sting                 Conj/Alch      44%        1d5       6%          1

Your spell library contained the following spells:

 Spells                   Type           Power      Damage    Failure   Level
 Mercury Vapours          Alch/Air       18%        N/A       11%         2
 Mephitic Cloud           Conj/Alch/Air  8%         N/A       26%         3
 Olgreb's Toxic Radiance  Alch           18%        N/A       26%         4
 Sticky Flame             Fire/Alch      11%        2d5       50%         4


Dungeon Overview and Level Annotations

Branches:
Dungeon (2/15)

Altars:


Innate Abilities, Weirdness & Mutations

You cannot be hasted, slowed, berserked, paralysed or teleported.
You can dig through walls and to a lower floor.
You have a pair of large antennae on your head. (SInv)
Your four strong arms can wield two-handed weapons with a shield.


Message History

Aim: a ribbon worm (moderately wounded, very poisoned, catching its breath, 90% to hit)
You miscast Sting.
You are very lightly contaminated with residual magic.
Nothing appears to happen.
You are caught in a web!
You are caught in a web!
The web tears apart.
The ribbon worm bites you.
You hit the ribbon worm but do no damage.
The ribbon worm is severely wounded.
The ribbon worm bites you!
You hit the ribbon worm but do no damage.
The ribbon worm is severely wounded.
Your magical contamination has completely faded away.
You barely miss the ribbon worm.
The ribbon worm is severely wounded.
The ribbon worm expels a string of sticky webbing.
The stream of webbing hits you but does no damage.
You are caught in a web!
Casting: Sting (safe; 6% risk of failure)
Confirm with . or Enter, or press ? or * to list all spells.
Aiming: Sting (safe; 6% risk of failure)
Press: ? - help, Shift-Dir - straight line, f/p - ribbon worm
Aim: a ribbon worm (almost dead, very poisoned, catching its breath, 90% to hit)
The sting hits the ribbon worm.
The ribbon worm looks even sicker.
The ribbon worm is almost dead.
The ribbon worm bites you!
* * * LOW HITPOINT WARNING * * *
Casting: Sting (safe; 6% risk of failure)
Confirm with . or Enter, or press ? or * to list all spells.
Aiming: Sting (safe; 6% risk of failure)
Press: ? - help, Shift-Dir - straight line, f/p - ribbon worm
Aim: a ribbon worm (almost dead, very poisoned, catching its breath, 90% to hit)
The sting hits the ribbon worm.
The ribbon worm looks as sick as possible!
The ribbon worm is almost dead.
The ribbon worm bites you!
* * * LOW HITPOINT WARNING * * *
The web tears apart.
The ribbon worm bites you.
You die...

######### ........#
#w####### #. #@.......
.##.##### ######.#######
.##.#..#.##..#.##..#
.##.#..##.#..##.#..#
.##.###....##....##....#
.##..#..##.#..##.#..##.#
.##...#.##..#.##..# #
.##..##....##....##
.##....#.##..#.##..#


You could see a ribbon worm (extremely poisoned).

Vanquished Creatures
  3 dart slugs (D:1)
  7 bats
  2 endoplasms
  3 giant cockroaches
  4 goblins (D:1)
  2 hobgoblins
  A ball python (D:1)
  A frilled lizard (D:1)
  4 kobolds (D:1)
  3 rats
30 creatures vanquished.

Notes
Turn   | Place    | Note
-------+----------+-------------------------------------------
     0 | D:1      | Autsider the Formicid Alchemist began the quest for the
                  | Orb.
     0 | D:1      | Reached XP level 1. HP: 13/13 MP: 3/3
   202 | D:1      | Reached XP level 2. HP: 20/20 MP: 0/5
   475 | D:1      | Reached skill level 1 in Fighting
   630 | D:1      | Reached XP level 3. HP: 23/26 MP: 4/6
   657 | D:1      | Reached skill level 1 in Fire Magic
  1417 | D:2      | Reached skill level 5 in Alchemy
  1539 | D:2      | Found a faded altar of an unknown god.
  1621 | D:2      | Slain by a ribbon worm

Illustrated notes

Levels and vault maps discovered:
D:1:      dpeg_arrival_three_bigger_balls, layout_loops_corners
D:2:      layout_loops_ring, ebering_ecumenical_altar_abandoned,
          nicolae_eternal_life, uniq_crazy_yiuf_cottage

Skill      XL: |  1  2  3 |
---------------+----------+-----
Fighting       | 1 |  1.4
Fire Magic     | 1 |  1.1
Alchemy        | 5 |  5.0
Dodging        | |  1.7
Stealth        | |  2.4
Spellcasting   | |  2.1
Conjurations   | |  0.8

Action                     || total
---------------------------++-------
  Melee: Unarmed           ||    46
   Cast: Sting             ||    58
 Armour: Robe              ||    48
  Dodge: Dodged            ||    44

Table legend: (Time is in decaauts)
 A = Elapsed time spent in this place.
 B = Non-inter-level travel time spent in this place.
 C = Inter-level travel time spent in this place.
 D = Time resting spent in this place.
 E = Time spent auto-exploring this place.
 F = Levels seen in this place.
 G = Mean time per level.
                   A        B        C        D        E       F      G
               +--------+--------+--------+--------+--------+-----+--------+
         Total |   1620 |   1595 |     25 |      0 |   1335 |   2 |  810.0 |
       Dungeon |   1620 |   1595 |     25 |      0 |   1335 |   2 |  810.0 |
               +--------+--------+--------+--------+--------+-----+--------+

Top non-repeatable levels by time:
     D:1: 1407 daAuts
     D:2: 213 daAuts
